 Dungeon Sprint DCSS version 0.18.1-6-gd335043 (webtiles) character file.

429 Hipnos the Grappler (level 6, 0/68 HPs)
             Began as a Troll Berserker on May 20, 2016.
             Was a Priest of Trog.
             Succumbed to Sonja's curare-tipped needle
             ... in the Dungeon (Sprint I: "Red Sonja").
             The game lasted 00:02:48 (179 turns).

Hipnos the Grappler (Troll Berserker)                Turns: 179, Time: 00:02:48

Health: 0/68       AC:  5    Str: 28    XL:     6   Next: 66%
Magic:  5/5        EV: 11    Int:  3    God:    Trog [***...]
Gold:   297        SH:  0    Dex:  9    Spells: 0 memorised, 5 levels left

rFire  . . .     SeeInvis .       - Unarmed
rCold  . . .     Gourm    +     a - +0 animal skin
rNeg   . . .     Faith    .     (no shield)
rPois  .         Spirit   .     (helmet restricted)
rElec  .         Dismiss  .     (no cloak)
rCorr  .         Reflect  .     (gloves unavailable)
SustAt .         Harm     .     (boots unavailable)
MR     ++...     NoTele   +     (no amulet)
Stlth  +.........               (no ring)
                                (no ring)

@: lethally poisoned (0 -> -35), exhausted, regenerating, slowed, drained, very
slow, very resistant to hostile enchantments, very unstealthy
A: unfitting armour, claws 3, fast metabolism 3, gourmand, regeneration 2,
shaggy fur 1, tough skin 2
a: Berserk, Trog's Hand, Burn Spellbooks, Renounce Religion


You were in the Dungeon.
You worshipped Trog.
Trog was most pleased with you.
You were full.

You visited 1 branch You collected 297 gold pieces.

Inventory:

Armour
 a - a +0 animal skin (worn)
Scrolls
 h - a scroll of blinking
Potions
 c - a potion of invisibility {unknown}
 e - a potion of haste
 f - 2 potions of magic
 g - a potion of berserk rage
Comestibles
 b - 2 bread rations


   Skills:
 + Level 6.4(5.3) Fighting
 + Level 6.5(5.3) Dodging
 * Level 10.6(9.4) Unarmed Combat


You had 5 spell levels left.
You didn't know any spells.

Dungeon Overview and Level Annotations

Branches:
Dungeon (1/1)

Altars:
Elyvilon
Gozag
Kikubaaqudgha
Makhleb
Nemelex Xobeh
Okawaru
Pakellas
Qazlal
Ru
Sif Muna
Trog
Vehumet
Xom
Yredelemnul
Zin
The Shining One

Shops:
D [

Annotations:
D Sonja


Innate Abilities, Weirdness & Mutations

You are too large for most types of armour.
You have claws for hands.
Your metabolism is lightning-fast.
You like to eat raw meat.
You heal very quickly.
You are covered in fur (AC +1).
You have very tough skin (AC +2).


Message History

You feel very sick.
Sonja shoots a curare-tipped needle.
The curare-tipped needle hits you.
You are more poisoned.
You have difficulty breathing.
* * * LOW HITPOINT WARNING * * *
You feel as though you will be slow longer.
Sonja shoots a curare-tipped needle.
The curare-tipped needle hits you.
You are more poisoned.
You have difficulty breathing.
* * * LOW HITPOINT WARNING * * *
You feel as though you will be slow longer.
You see here a curare-tipped needle.
* * * LOW HITPOINT WARNING * * *
You feel extremely sick.
Sonja casts a spell.
Sonja blinks!
You feel your anger subside.
You are no longer berserk.
You are exhausted.
You feel as though you will be slow longer.
You die...

################
#<.#..').#..'..#
#..'[.#..').#..+
#..#####'#####'#
#..####..#§..#(#
#..#__####..##.#
#..#_.___##@#..+
#⌠⌠#_.∩...'..._#
####_..._##_K#'#
#_____###(#(#
####### #(###
+$.$+ #$.$#
##.## #+#


You could see Sonja.

Vanquished Creatures
  Sigmund (D)
  A yak (D)
  An ogre (D)
  A jelly (D)
  Ijyb (D)
5 creatures vanquished.

Notes
Turn   | Place    | Note
--------------------------------------------------------------
     0 | D        | Hipnos the Troll Berserker began the quest for the Orb.
     0 | D        | Reached XP level 1. HP: 22/22 MP: 0/0
     1 | D        | Noticed Ijyb
    11 | D        | Killed Ijyb
    11 | D        | Reached skill level 5 in Unarmed Combat
    11 | D        | Reached XP level 2. HP: 29/31 MP: 1/1
    14 | D        | Noticed an ogre
    19 | D        | Killed an ogre
    19 | D        | Reached ** piety under Trog
    19 | D        | Reached skill level 7 in Unarmed Combat
    19 | D        | Reached XP level 3. HP: 40/40 MP: 2/2
    19 | D        | Reached XP level 4. HP: 49/49 MP: 3/3
    36 | D        | Noticed Sigmund
    52 | D        | Killed Sigmund
    52 | D        | Reached skill level 5 in Fighting
    52 | D        | Reached skill level 5 in Dodging
    52 | D        | Reached skill level 9 in Unarmed Combat
    52 | D        | Reached XP level 5. HP: 17/59 MP: 4/4
    72 | D        | Found a deep blue altar of Sif Muna.
   125 | D        | Found a radiant altar of Vehumet.
   128 | D        | Reached XP level 6. HP: 65/67 MP: 5/5
   154 | D        | Found Huoruwk's Antique Armour Emporium.
   154 | D        | Found a white marble altar of Elyvilon.
   154 | D        | Found a stormy altar of Qazlal.
   154 | D        | Found a burning altar of Makhleb.
   154 | D        | Found a sacrificial altar of Ru.
   154 | D        | Found an oddly glowing altar of Pakellas.
   154 | D        | Found a basalt altar of Yredelemnul.
   154 | D        | Found a glowing golden altar of the Shining One.
   154 | D        | Found a sparkling altar of Nemelex Xobeh.
   154 | D        | Found a shimmering altar of Xom.
   154 | D        | Found an opulent altar of Gozag.
   154 | D        | Found an ancient bone altar of Kikubaaqudgha.
   154 | D        | Found a glowing silver altar of Zin.
   154 | D        | Noticed a yak
   157 | D        | Killed a yak
   157 | D        | Reached *** piety under Trog
   157 | D        | Reached skill level 10 in Unarmed Combat
   158 | D        | Found an iron altar of Okawaru.
   159 | D        | Found a bloodstained altar of Trog.
   169 | D        | Noticed Sonja
   179 | D        | Succumbed to Sonja's curare-tipped needle

Skill      XL: |  1  2  3  4  5  6 |
---------------+-------------------+-----
Fighting       | 3 4 5 6 |  6.4
Dodging        | 3 4 5 6 |  6.5
Unarmed Combat | 5 7 9 10 | 10.6

Action                   |  1- 3 |  4- 6 || total
-------------------------+-------+-------++-------
Melee: Unarmed           |    12 |    16 ||    28
       Punch             |       |     1 ||     1
Invok: Berserk           |       |     1 ||     1
       Trog's Hand       |       |     1 ||     1
  Use: Potion            |       |     2 ||     2
  Eat: Chunk             |       |     4 ||     4
Armor: Animal skin       |     3 |     2 ||     5
Dodge: Dodged            |     6 |    11 ||    17
